 Dungeon Crawl Stone Soup version 0.24.1-14-gf8d2b509d9 (webtiles) character file.

Game seed: 12501856919680152282, levelgen mode: deterministic

184 Curus the Cudgeler (level 5, 0/32 HPs)
             Began as a Gargoyle Fighter on May 29, 2020.
             Killed by nerve-wracking pain
             ... invoked by a shadow imp
             ... summoned by Natasha
              (7 damage)
             ... on level 3 of the Dungeon.
             The game lasted 00:13:17 (2067 turns).

Curus the Cudgeler (Gargoyle Fighter)               Turns: 2067, Time: 00:13:18

Health: 0/32       AC: 11    Str: 17    XL:     5   Next: 64%
Magic:  5/5        EV:  5    Int:  9    God:
Gold:   171        SH:  8    Dex: 10    Spells: 4/4 levels left

rFire    . . .     SeeInvis .   n - +1 morningstar
rCold    . . .     Gourm    .   c - +0 shield
rNeg     + . .     Faith    .   i - +1 plate armour
rPois    ∞         Spirit   .   (helmet restricted)
rElec    +         Reflect  .   (no cloak)
rCorr    .         Harm     .   (no gloves)
MR       .....                  (no boots)
Stlth    ..........             (no amulet)
HPRegen  0.10/turn              l - +3 ring of evasion
MPRegen  0.09/turn              (no ring)

@: no status effects
A: antennae 1, deformed body, negative energy resistance 1, electricity
resistance, weak 1, wild magic 1, unbreathing, petrification resistance, rot
immunity, AC +4
a: no special abilities


You were on level 3 of the Dungeon.
You were not hungry.

You visited 1 branch of the dungeon, and saw 3 of its levels.

You collected 171 gold pieces.

Inventory:

Hand Weapons
 a - a +0 flail
 n - a +1 morningstar (weapon)
Armour
 b - a +0 scale mail
 c - a +0 shield (worn)
 i - a +1 plate armour (worn)
 j - a +0 helmet
Jewellery
 g - an uncursed ring of teleportation
 k - an uncursed amulet of inaccuracy
 l - a +3 ring of evasion (left hand)
Scrolls
 e - 2 scrolls of identify
 h - 2 scrolls of immolation
Comestibles
 d - 2 chunks of flesh
 f - 6 rations


   Skills:
 - Level 3.2 Fighting
 + Level 5.7 Maces & Flails
 - Level 3.2 Armour
 - Level 3.2 Shields


You had 4 spell levels left.
You didn't know any spells.
Your spell library was empty.

Dungeon Overview and Level Annotations

Branches:
Dungeon (3/15)

Altars:
Wu Jian

Annotations:
D:3 Natasha


Innate Abilities, Weirdness & Mutations

You are resistant to torment.
Your stone body is resilient. (AC +4)
You are immune to poison.
You resist negative energy. (rN+)
You are resistant to electric shocks. (rElec)
You can survive without breathing.
You are immune to petrification.
You are immune to rotting.
You have a pair of small antennae on your head.
Armour fits poorly on your strangely shaped body.
You are weak. (Str -2)
Your spells are a little harder to cast, but a little more powerful.


Message History

Natasha shimmers violently.
The adder zombie bites you but does no damage.
Your shield and plate armour prevent you from hitting Natasha.
The bat barely misses you.
Natasha mumbles some strange words.
The adder zombie barely misses you. Natasha barely misses you.
You miss Natasha. You block the bat's attack.
The adder zombie closely misses you. You block the shadow imp's attack.
Natasha claws you.
* * * LOW HITPOINT WARNING * * *
The adder zombie bites you but does no damage.
You miss Natasha. The bat hits you but does no damage. The shadow imp hits you.
* * * LOW HITPOINT WARNING * * *
The white imp hits you but does no damage.
Natasha claws you but does no damage. The adder zombie bites you.
* * * LOW HITPOINT WARNING * * *
The shadow imp shouts, "Slither away, thou obnoxious unchin-snouted fleecer!"
The shadow imp gestures at you. Pain shoots through your body!
You die...

##.........##
#......$.....
#............
#........[.#
#..........#
#....5.....##
##..5h5$..P..
#...P@....)≈≈ ####
#8.b..Z...P.≈ .....
#...........≈
......###...P......≈≈
......................
......#.##............
#... ... ##........###
#....#####.......##
##...##.....#######


You could see Natasha, a crimson imp, a white imp, a shadow imp, an adder zombie
and a bat.

Vanquished Creatures
  2 hound skeletons (D:3)
  Robin (D:3)
  3 adders
  2 adder zombies (D:3)
  2 adder skeletons (D:3)
  A dart slug (D:1)
  3 leopard geckos
  14 orcs
  6 giant cockroaches
  16 goblins
  9 hobgoblins
  A quokka (D:3)
  2 ball pythons (D:1)
  6 bats
  5 frilled lizards
  A giant cockroach zombie (D:3)
  4 kobolds
  A quokka skeleton (D:3)
  8 rats
87 creatures vanquished.

Notes
Turn   | Place    | Note
-------+----------+-------------------------------------------
     0 | D:1      | Curus the Gargoyle Fighter began the quest for the Orb.
     0 | D:1      | Reached XP level 1. HP: 14/14 MP: 1/1
    56 | D:1      | Reached XP level 2. HP: 16/19 MP: 2/2
    91 | D:1      | Reached skill level 3 in Maces & Flails
   244 | D:1      | Reached XP level 3. HP: 23/23 MP: 3/3
   499 | D:1      | Gained mutation: You are weak. (Str -2) [potion of
                  | mutation]
   499 | D:1      | Gained mutation: You have a pair of small antennae on your
                  | head. [potion of mutation]
   499 | D:1      | Gained mutation: Armour fits poorly on your strangely
                  | shaped body. [potion of mutation]
   499 | D:1      | Gained mutation: Your spells are a little harder to cast,
                  | but a little more powerful. [potion of mutation]
   932 | D:2      | Reached skill level 4 in Maces & Flails
  1236 | D:2      | Reached XP level 4. HP: 5/28 MP: 0/4
  1831 | D:3      | Found an ornate altar of the Wu Jian Council.
  1848 | D:3      | Reached skill level 5 in Maces & Flails
  1849 | D:3      | Noticed Robin
  1853 | D:3      | Reached XP level 5. HP: 26/32 MP: 5/5
  1873 | D:3      | Killed Robin
  2059 | D:3      | Noticed Natasha
  2067 | D:3      | Killed from afar by a shadow imp

Levels and vault maps discovered:
D:1:      sevenhm_arrival_forest_fort_small_3, layout_basic,
          hangedman_decor_diamond_cutter, minmay_distorted
D:2:      layout_loops_ring, hex_large, amethyst_killhole
D:3:      layout_rooms, dancing_weapons_uskayaw, old_standard_altar,
          serial_undead, serial_undead_c, serial_undead_f, serial_undead_f,
          serial_undead_e, serial_undead_d, serial_undead_a, serial_undead_e,
          first_ration, uniq_robin, uniq_terence, uniq_natasha

Skill      XL: |  1  2  3  4 |
---------------+-------------+-----
Maces & Flails | 3 4 5 |  5.7
Fighting       | |  3.2
Armour         | |  3.2
Shields        | |  3.2

Action                   |  1- 3 |  4- 6 || total
-------------------------+-------+-------++-------
Melee: Flail             |   235 |    86 ||   321
       Morningstar       |       |    97 ||    97
  Use: Potion            |     6 |     3 ||     9
       Scroll            |     7 |     1 ||     8
 Stab: Invisible         |     2 |       ||     2
  Eat: Chunk             |     1 |     4 ||     5
Armor: Scale mail        |    47 |       ||    47
       Plate armour      |   105 |   193 ||   298
Dodge: Dodged            |    58 |    75 ||   133
Block: Shield            |   128 |   146 ||   274
